[Event "58th Akiba Rubinstein C 2022"]
[Site "Polanica-Zdroj"]
[Date "2022.08.14"]
[Round "2.3"]
[White "fainberg, Boris"]
[Black "Galyga, Jozef"]
[Result "1-0"]
[ECO "A04"]
[WhiteElo "2015"]
[BlackElo "1695"]
[Annotator "NA RC"]
[PlyCount "60"]
[EventDate "2022.08.13"]
[EventCountry "POL"]
[SourceTitle "playchess.com"]
[Source "ChessBase"]
[SourceQuality "1"]
[TimeControl "40/5400+30:1800+30"]

1. Nf3 e6 2. c4 f5 3. g3 Nf6 4. Bg2 d5 5. O-O Bd6 6. b3 Qe7 7. Bb2 O-O 8. e3 Nbd7 9. d3 c6 10. Qc2 e5 11. cxd5 Nxd5 12. a3 N7f6 13. e4 Nb6 14. Nbd2 Be6 15. Nxe5 Rad8 16. b4 fxe4 17. dxe4 Bxe5 18. Bxe5 Qd7 19. Nb3 Bh3 20. Nc5 Qg4 21. f3 Qh5 22. Bc7 Bxg2 23. Kxg2 Rc8 24. Bd6 Rfd8 25. Be7 Rd4 26. Rad1 Rc4 27. Qb3 Qf7 28. Bd8 Nbd7 29. Be7 Nb6 30. Bd8 Nbd7 1-0

[Event "58th Akiba Rubinstein C 2022"]
[Site "Polanica-Zdroj"]
[Date "2022.08.14"]
[Round "2.4"]
[White "Kruczynski, Marek"]
[Black "Mazalon, Mariusz"]
[Result "1-0"]
[ECO "B21"]
[WhiteElo "1651"]
[BlackElo "1994"]
[Annotator "NA RC"]
[PlyCount "45"]
[EventDate "2022.08.13"]
[EventCountry "POL"]
[SourceTitle "playchess.com"]
[Source "ChessBase"]
[SourceQuality "1"]
[TimeControl "40/5400+30:1800+30"]

1. e4 c5 2. f4 d5 3. Nf3 dxe4 4. Ne5 Nd7 5. Nc3 Ngf6 6. d3 exd3 7. Bxd3 e6 8. Qf3 Qc7 9. O-O a6 10. Nxf7 Kxf7 11. f5 Ne5 12. Qg3 c4 13. Be4 Bd6 14. fxe6+ Bxe6 15. Nd5 Qa5 16. Nxf6 gxf6 17. Rxf6+ Kxf6 18. Bg5+ Kf7 19. Qf4+ Ke8 20. Qf6 Kd7 21. Rd1 Qc5+ 22. Kh1 Rhf8 23. Qe7+ 1-0

[Event "58th Akiba Rubinstein C 2022"]
[Site "Polanica-Zdroj"]
[Date "2022.08.14"]
[Round "2.5"]
[White "Wasylkiewicz, Andrzej"]
[Black "Kwiecien, Zbigniew"]
[Result "0-1"]
[ECO "B26"]
[WhiteElo "1691"]
[BlackElo "1937"]
[Annotator "NA RC"]
[PlyCount "40"]
[EventDate "2022.08.13"]
[EventCountry "POL"]
[SourceTitle "playchess.com"]
[Source "ChessBase"]
[SourceQuality "1"]
[TimeControl "40/5400+30:1800+30"]

1. e4 c5 2. Nc3 d6 3. g3 g6 4. Bg2 Bg7 5. d3 Nc6 6. Be3 h5 7. h3 Bd7 8. Qd2 a6 9. Nge2 Nf6 10. O-O h4 11. Kh2 hxg3+ 12. fxg3 Ng4+ 13. Kg1 Nxe3 14. Qxe3 Bxh3 15. Qf4 Be6 16. Rab1 Nd4 17. Qd2 Qd7 18. Nf4 Bh6 19. Ncd5 Bxd5 20. exd5 Qg4 0-1

[Event "58th Akiba Rubinstein C 2022"]
[Site "Polanica-Zdroj"]
[Date "2022.08.14"]
[Round "2.6"]
[White "Pyka, Roman"]
[Black "Szydelko, Kazimierz"]
[Result "1-0"]
[ECO "D24"]
[WhiteElo "1881"]
[BlackElo "1661"]
[Annotator "NA RC"]
[PlyCount "121"]
[EventDate "2022.08.13"]
[EventCountry "POL"]
[SourceTitle "playchess.com"]
[Source "ChessBase"]
[SourceQuality "1"]
[TimeControl "40/5400+30:1800+30"]

1. Nf3 d5 2. d4 Nf6 3. c4 dxc4 4. Nc3 a6 5. a4 e6 6. e3 c5 7. Bxc4 Nc6 8. O-O Qb6 9. a5 Nxa5 10. Qa4+ Nc6 11. Ne5 Bd6 12. Nxc6 bxc6 13. d5 exd5 14. Bxd5 Bd7 15. Bf3 O-O 16. Rd1 Qc7 17. h3 Rfd8 18. Ne4 Nxe4 19. Qxe4 Be6 20. Bd2 Bd5 21. Qg4 Bxf3 22. Qxf3 Be5 23. Ba5 Rxd1+ 24. Qxd1 Qb7 25. Bc3 Bxc3 26. bxc3 Qb2 27. Rxa6 Rf8 28. Qa1 Qxa1+ 29. Rxa1 Rc8 30. Ra5 Kf8 31. Rxc5 Ke7 32. Ra5 Rc7 33. Kf1 Rb7 34. Ra2 Kd6 35. Ke2 Kc5 36. Kd3 Rd7+ 37. Kc2 Rb7 38. Ra5+ Kd6 39. e4 Re7 40. Kd3 Rb7 41. Rf5 f6 42. h4 Ke6 43. Rc5 Kd6 44. Ra5 g6 45. Ra2 Re7 46. f4 Rb7 47. Re2 Rb1 48. Re3 Rh1 49. g3 h5 50. e5+ fxe5 51. Rxe5 Rd1+ 52. Kc4 Kd7 53. Rg5 Rd6 54. Kc5 Kc7 55. Kc4 Rf6 56. Kd4 Kd6 57. c4 Kd7 58. f5 gxf5 59. Ke5 Rh6 60. Kxf5 Kc7 61. c5 1-0

[Event "58th Akiba Rubinstein C 2022"]
[Site "Polanica-Zdroj"]
[Date "2022.08.14"]
[Round "2.7"]
[White "Wziatek, Marek"]
[Black "Gromczak, Dariusz"]
[Result "0-1"]
[ECO "A10"]
[WhiteElo "1617"]
[BlackElo "1906"]
[Annotator "NA RC"]
[PlyCount "41"]
[EventDate "2022.08.13"]
[EventCountry "POL"]
[SourceTitle "playchess.com"]
[Source "ChessBase"]
[SourceQuality "1"]
[TimeControl "40/5400+30:1800+30"]

1. c4 g6 2. Nc3 Bg7 3. Nf3 e6 4. d4 Ne7 5. e4 d5 6. Bg5 h6 7. Bh4 O-O 8. Be2 g5 9. Bg3 dxe4 10. Nxe4 f5 11. Nexg5 hxg5 12. Be5 Bxe5 13. Nxe5 Nbc6 14. Qc1 Nxe5 15. dxe5 Ng6 16. Qc3 c5 17. Rd1 Qc7 18. Rd6 Qg7 19. Bh5 Qxe5+ 20. Qxe5 Nxe5 21. b3 0-1

[Event "58th Akiba Rubinstein C 2022"]
[Site "Polanica-Zdroj"]
[Date "2022.08.14"]
[Round "2.8"]
[White "Fikus, Zygmunt"]
[Black "Wasik, Jozef"]
[Result "1/2-1/2"]
[ECO "A11"]
[WhiteElo "1891"]
[BlackElo "1631"]
[Annotator "NA RC"]
[PlyCount "32"]
[EventDate "2022.08.13"]
[EventCountry "POL"]
[SourceTitle "playchess.com"]
[Source "ChessBase"]
[SourceQuality "1"]
[TimeControl "40/5400+30:1800+30"]

1. c4 c6 2. Nf3 d5 3. g3 Nf6 4. Bg2 Bf5 5. d4 e6 6. Nc3 Nbd7 7. cxd5 exd5 8. O-O Bd6 9. Re1 O-O 10. Nh4 Be6 11. Qd3 Re8 12. f4 Nf8 13. Nf3 Qc8 14. Ne5 Bb4 15. Nf3 Bd6 16. Ne5 Bb4 1/2-1/2

[Event "58th Akiba Rubinstein C 2022"]
[Site "Polanica-Zdroj"]
[Date "2022.08.14"]
[Round "2.9"]
[White "Wrzos, Waldemar"]
[Black "Kawula, Andrzej"]
[Result "0-1"]
[ECO "C17"]
[WhiteElo "1610"]
[BlackElo "1870"]
[Annotator "NA RC"]
[PlyCount "65"]
[EventDate "2022.08.13"]
[EventCountry "POL"]
[SourceTitle "playchess.com"]
[Source "ChessBase"]
[SourceQuality "1"]
[TimeControl "40/5400+30:1800+30"]

1. e4 e6 2. Nc3 d5 3. d4 Bb4 4. e5 c5 5. Be3 cxd4 6. Qxd4 Nc6 7. Bb5 Qa5 8. Bxc6+ bxc6 9. Bd2 Ne7 10. a3 c5 11. Qg4 O-O 12. Nf3 Ba6 13. O-O-O Bxc3 14. Bxc3 Qb6 15. b3 d4 16. Bb2 Be2 17. Rd2 d3 18. Qc4 Bxf3 19. gxf3 dxc2 20. Rg1 Rfd8 21. Kxc2 Rxd2+ 22. Kxd2 Nf5 23. Rc1 Rd8+ 24. Ke2 h6 25. Rc3 Rd5 26. Rd3 Qc6 27. a4 Ne7 28. Qe4 Qd7 29. Ba3 Qc7 30. f4 Qc6 31. Rc3 Nf5 32. Rd3 Ne7 33. Rc3 0-1

[Event "58th Akiba Rubinstein C 2022"]
[Site "Polanica-Zdroj"]
[Date "2022.08.14"]
[Round "2.10"]
[White "Krupa, Jerzy"]
[Black "Kwiek, Janusz"]
[Result "1-0"]
[ECO "C41"]
[WhiteElo "1771"]
[BlackElo "1441"]
[Annotator "NA RC"]
[PlyCount "67"]
[EventDate "2022.08.13"]
[EventCountry "POL"]
[SourceTitle "playchess.com"]
[Source "ChessBase"]
[SourceQuality "1"]
[TimeControl "40/5400+30:1800+30"]

1. e4 d6 2. d4 e5 3. Nf3 exd4 4. Nxd4 Nf6 5. Nc3 Be7 6. Be2 O-O 7. O-O c5 8. Nf3 Nc6 9. h3 a6 10. a4 Re8 11. Re1 Bf8 12. Bg5 h6 13. Bxf6 Qxf6 14. Nd5 Qd8 15. Bc4 Be6 16. c3 Ne5 17. Nxe5 dxe5 18. Qb3 Rb8 19. Rad1 Qg5 20. Rd3 Kh7 21. Rg3 Qd8 22. Rd1 Qa5 23. Ne3 Bxc4 24. Qxc4 Qc7 25. Nd5 Qc6 26. a5 Rbd8 27. Rgd3 Qe6 28. Qa4 Kh8 29. Nc7 Qc8 30. Nxe8 Rxe8 31. Rd7 c4 32. Rxf7 Rd8 33. Rxd8 Qxd8 34. Qd7 1-0

[Event "58th Akiba Rubinstein C 2022"]
[Site "Polanica-Zdroj"]
[Date "2022.08.14"]
[Round "2.11"]
[White "Zdziarski, Waldemar"]
[Black "Chubar, Vladimir"]
[Result "0-1"]
[ECO "B08"]
[WhiteElo "1312"]
[BlackElo "1809"]
[Annotator "NA RC"]
[PlyCount "96"]
[EventDate "2022.08.13"]
[EventCountry "POL"]
[SourceTitle "playchess.com"]
[Source "ChessBase"]
[SourceQuality "1"]
[TimeControl "40/5400+30:1800+30"]

1. e4 g6 2. d4 Bg7 3. Nf3 d6 4. h3 Nf6 5. Nc3 c5 6. dxc5 Qa5 7. Bd2 Qxc5 8. Be2 Be6 9. O-O a6 10. Be3 Qb4 11. Qd3 Nbd7 12. a3 Qa5 13. Ng5 Ne5 14. Qd4 Rc8 15. Nxe6 fxe6 16. Qb6 Qxb6 17. Bxb6 Nc4 18. Bxc4 Rxc4 19. f3 Nd7 20. Bf2 Bxc3 21. bxc3 O-O 22. Be1 b5 23. Bd2 e5 24. Rfb1 Nb6 25. Rb4 Rfc8 26. Rab1 Na4 27. Rxc4 Rxc4 28. Rb3 Kf7 29. Kf2 e6 30. Rb4 Rc8 31. Rb3 d5 32. Ke2 dxe4 33. fxe4 Nc5 34. Rb4 Na4 35. Rb3 Rc4 36. Rb4 Rc8 37. Rb3 Ke8 38. Be1 Kd7 39. Kd3 Nc5+ 40. Ke3 Nxb3 41. cxb3 Rf8 42. Bg3 Kd6 43. Bf2 a5 44. Ke2 Rf4 45. Ke3 Kc5 46. Bg3 g5 47. Bxf4 exf4+ 48. Kd3 h5 0-1

[Event "58th Akiba Rubinstein C 2022"]
[Site "Polanica-Zdroj"]
[Date "2022.08.14"]
[Round "2.12"]
[White "Stopka, Tomasz"]
[Black "Bobrowski, Piotr"]
[Result "1-0"]
[ECO "B06"]
[WhiteElo "1355"]
[BlackElo "1764"]
[Annotator "NA RC"]
[PlyCount "83"]
[EventDate "2022.08.13"]
[EventCountry "POL"]
[SourceTitle "playchess.com"]
[Source "ChessBase"]
[SourceQuality "1"]
[TimeControl "40/5400+30:1800+30"]

1. e4 g6 2. d4 Bg7 3. Nf3 e6 4. Nc3 Ne7 5. Be3 b6 6. Qd2 d5 7. e5 h6 8. Bd3 Ba6 9. b4 Bxd3 10. Qxd3 Nd7 11. O-O Nf5 12. Bd2 c5 13. bxc5 bxc5 14. Rfe1 O-O 15. Ne2 cxd4 16. Nexd4 Nc5 17. Qa3 Nxd4 18. Nxd4 Ne4 19. Bb4 Bxe5 20. Nc6 Bxh2+ 21. Kxh2 Qh4+ 22. Qh3 Qf4+ 23. g3 Qxf2+ 24. Qg2 Qb6 25. Bxf8 Kxf8 26. Ne5 Qb2 27. Nd3 Qd4 28. Rab1 Rc8 29. Rf1 Qa4 30. Rb2 Kg7 31. Rf3 Rc7 32. Qe2 f5 33. Nf4 Kf6 34. Rfb3 Rc4 35. Nd3 Qa6 36. Rb8 Qd6 37. Nf4 h5 38. Rg8 h4 39. Rxg6+ Kf7 40. Rb7+ Rc7 41. Rxc7+ Qxc7 42. Rg7+ 1-0

[Event "58th Akiba Rubinstein C 2022"]
[Site "Polanica-Zdroj"]
[Date "2022.08.14"]
[Round "2.13"]
[White "Zowada, Kazimierz"]
[Black "Swierczynski, Stanislaw"]
[Result "1-0"]
[ECO "D37"]
[WhiteElo "2041"]
[BlackElo "1626"]
[Annotator "NA RC"]
[PlyCount "55"]
[EventDate "2022.08.13"]
[EventCountry "POL"]
[SourceTitle "playchess.com"]
[Source "ChessBase"]
[SourceQuality "1"]
[TimeControl "40/5400+30:1800+30"]

1. d4 d5 2. Nf3 Nf6 3. c4 e6 4. Nc3 Be7 5. Bf4 c6 6. e3 O-O 7. Qc2 Nbd7 8. cxd5 exd5 9. Bd3 Re8 10. O-O Nf8 11. a3 Nh5 12. Bg3 Nxg3 13. hxg3 a5 14. Na4 Ng6 15. Rab1 Rb8 16. Rfc1 Bd6 17. b4 axb4 18. axb4 b5 19. Nc5 Bxc5 20. Qxc5 Bb7 21. Ra1 Ra8 22. Ra7 Rxa7 23. Qxa7 Qa8 24. Ra1 Qxa7 25. Rxa7 Rb8 26. Bxg6 hxg6 27. Ne5 Ba8 28. Rxf7 1-0

[Event "58th Akiba Rubinstein C 2022"]
[Site "Polanica-Zdroj"]
[Date "2022.08.14"]
[Round "2.14"]
[White "Szylko, Waldemar"]
[Black "Gregulski, Zbigniew"]
[Result "1/2-1/2"]
[ECO "C27"]
[WhiteElo "1911"]
[BlackElo "1591"]
[Annotator "NA RC"]
[PlyCount "43"]
[EventDate "2022.08.13"]
[EventCountry "POL"]
[SourceTitle "playchess.com"]
[Source "ChessBase"]
[SourceQuality "1"]
[TimeControl "40/5400+30:1800+30"]

1. e4 e5 2. Nc3 Nf6 3. Bc4 Nxe4 4. Nxe4 d5 5. Bxd5 Qxd5 6. Qf3 Be6 7. Ng5 Nc6 8. Nxe6 Qxe6 9. c3 a5 10. d3 Bc5 11. Be3 Bxe3 12. Qxe3 O-O 13. Ne2 Ne7 14. O-O Nd5 15. Qc5 b6 16. Qc4 c5 17. Rfe1 Rfe8 18. Rad1 Rad8 19. Qh4 Rd7 20. Kf1 g6 21. d4 Qc6 22. dxe5 1/2-1/2

[Event "58th Akiba Rubinstein C 2022"]
[Site "Polanica-Zdroj"]
[Date "2022.08.15"]
[Round "3.1"]
[White "Marusenko, Petr"]
[Black "Krupa, Jerzy"]
[Result "1-0"]
[ECO "D35"]
[WhiteElo "2075"]
[BlackElo "1771"]
[Annotator "NA RC"]
[PlyCount "81"]
[EventDate "2022.08.13"]
[EventCountry "POL"]
[SourceTitle "playchess.com"]
[Source "ChessBase"]
[SourceQuality "1"]
[TimeControl "40/5400+30:1800+30"]

1. d4 Nf6 2. c4 e6 3. Nc3 d5 4. cxd5 exd5 5. Bg5 Be7 6. e3 O-O 7. Bd3 Nbd7 8. Nge2 Re8 9. Qc2 c6 10. O-O Nf8 11. Rab1 Ng6 12. b4 a6 13. Na4 Ne4 14. Bxe7 Rxe7 15. Nc5 f5 16. Ng3 Nh4 17. a4 Rf7 $14 18. b5 axb5 19. axb5 Qg5 20. bxc6 bxc6 21. Rb6 Rf6 22. Rfb1 f4 23. exf4 Rxf4 24. Bxe4 dxe4 25. Ncxe4 Qg4 26. Qxc6 Ra7 27. Rb8 Rf8 28. Qd5+ Qe6 29. Qxe6+ Bxe6 30. Rxf8+ Kxf8 31. Ng5 Bd5 32. Nxh7+ Kf7 33. Ng5+ Kg6 34. N5e4 Ra4 35. Rd1 Rb4 36. f3 Rb2 37. Rd2 Rb3 38. Kf2 Nf5 39. Nxf5 Kxf5 40. Ng3+ Kf6 41. Nf1 1-0

[Event "58th Akiba Rubinstein C 2022"]
[Site "Polanica-Zdroj"]
[Date "2022.08.15"]
[Round "3.2"]
[White "Shilov, Sergej"]
[Black "Kruczynski, Marek"]
[Result "1-0"]
[ECO "A04"]
[WhiteElo "2048"]
[BlackElo "1651"]
[Annotator "NA RC"]
[PlyCount "77"]
[EventDate "2022.08.13"]
[EventCountry "POL"]
[SourceTitle "playchess.com"]
[Source "ChessBase"]
[SourceQuality "1"]
[TimeControl "40/5400+30:1800+30"]

1. Nf3 b6 2. e4 Bb7 3. Nc3 c5 4. d4 cxd4 5. Nxd4 g6 6. Be3 Bg7 7. Bc4 Qc8 (7... Nc6 $11) 8. Bb3 Nc6 $14 9. Qd2 d6 10. f3 Nf6 11. Nxc6 Bxc6 12. Bh6 O-O 13. h4 Bxh6 14. Qxh6 Kh8 15. O-O-O Ng8 16. Qd2 h6 17. g4 Kh7 18. Qe2 a5 19. a4 Rb8 20. f4 Qe8 21. g5 h5 22. f5 b5 23. Rhf1 bxa4 24. fxg6+ fxg6 25. Be6 Kh8 26. Qe3 a3 27. bxa3 Bb5 28. Rxf8 Qxf8 29. a4 Ba6 30. e5 Rb4 31. exd6 exd6 32. Nd5 Rb7 33. Qc3+ Kh7 34. Bxg8+ Kxg8 35. Nf6+ Kf7 36. Ne4 d5 37. Qf6+ Kg8 38. Qxg6+ Qg7 39. Nf6+ 1-0

[Event "58th Akiba Rubinstein C 2022"]
[Site "Polanica-Zdroj"]
[Date "2022.08.15"]
[Round "3.3"]
[White "Gromczak, Dariusz"]
[Black "fainberg, Boris"]
[Result "1-0"]
[ECO "B24"]
[WhiteElo "1906"]
[BlackElo "2015"]
[Annotator "NA RC"]
[PlyCount "95"]
[EventDate "2022.08.13"]
[EventCountry "POL"]
[SourceTitle "playchess.com"]
[Source "ChessBase"]
[SourceQuality "1"]
[TimeControl "40/5400+30:1800+30"]

1. e4 c5 2. Nc3 Nc6 3. Bb5 g6 4. Bxc6 dxc6 5. d3 e5 6. f4 exf4 7. Bxf4 Bg7 8. Nf3 Nf6 9. Qd2 O-O 10. O-O c4 $14 (10... Bg4 $11) 11. dxc4 Qxd2 12. Bxd2 Be6 13. b3 Rad8 14. Rad1 Ng4 15. h3 Ne5 16. Nxe5 Bxe5 17. Ne2 Rd7 18. Bc3 Bxc3 19. Nxc3 Rfd8 20. Rxd7 Rxd7 21. Rd1 Rxd1+ 22. Nxd1 Kg7 23. Kf2 Kf6 24. Ke3 Ke5 25. Nf2 f5 26. Nd3+ Kd6 27. e5+ Ke7 28. h4 h6 29. Kf4 Bc8 30. a4 a5 31. g3 Ke6 32. g4 fxg4 33. Kxg4 Ke7+ 34. Kf4 Kf7 35. Nc5 b6 36. Ne4 Bh3 37. c5 b5 38. axb5 cxb5 39. Nd6+ Ke6 40. Nxb5 Kd5 41. Nd6 Kxc5 42. Nf7 Bf5 43. c3 Be6 44. b4+ Kd5 45. Nd6 a4 46. Nb5 Kc4 47. Na3+ Kb3 48. b5 1-0

[Event "58th Akiba Rubinstein C 2022"]
[Site "Polanica-Zdroj"]
[Date "2022.08.15"]
[Round "3.4"]
[White "Kwiecien, Zbigniew"]
[Black "Stopka, Tomasz"]
[Result "1-0"]
[ECO "B41"]
[WhiteElo "1937"]
[BlackElo "1355"]
[Annotator "NA RC"]
[PlyCount "63"]
[EventDate "2022.08.13"]
[EventCountry "POL"]
[SourceTitle "playchess.com"]
[Source "ChessBase"]
[SourceQuality "1"]
[TimeControl "40/5400+30:1800+30"]

1. e4 c5 2. Nf3 e6 3. d4 cxd4 4. Nxd4 a6 5. c4 Nf6 6. Bd3 Qc7 7. O-O Bc5 8. Nc2 h5 9. b4 Ng4 10. g3 Ba7 11. Kg2 Nc6 12. h3 Nf6 13. f4 Nd4 14. Bb2 $16 ({Much weaker is} 14. c5 Nxc2 15. Qxc2 (15. Bxc2 b6 $11) 15... d6 $14) 14... Nxc2 15. Qxc2 b6 16. Nd2 Bb7 17. Nf3 Rc8 18. Qe2 Bb8 19. Rac1 Rh6 20. e5 Ng8 21. Kh2 Ne7 22. b5 a5 23. Ba3 Nf5 24. c5 Bxf3 25. Qxf3 Ne7 26. Be4 f5 27. Bb7 Qd8 28. Bxc8 Nxc8 29. c6 d5 30. exd6 Nxd6 31. c7 Bxc7 32. Qc6+ 1-0

[Event "58th Akiba Rubinstein C 2022"]
[Site "Polanica-Zdroj"]
[Date "2022.08.15"]
[Round "3.5"]
[White "Kawula, Andrzej"]
[Black "Pyka, Roman"]
[Result "0-1"]
[ECO "A34"]
[WhiteElo "1870"]
[BlackElo "1881"]
[Annotator "NA RC"]
[PlyCount "102"]
[EventDate "2022.08.13"]
[EventCountry "POL"]
[SourceTitle "playchess.com"]
[Source "ChessBase"]
[SourceQuality "1"]
[TimeControl "40/5400+30:1800+30"]

1. c4 Nf6 2. Nc3 c5 3. g3 d5 4. cxd5 Nxd5 5. Bg2 Nc7 6. Nf3 Nc6 7. O-O e5 8. d3 Be7 9. Be3 O-O 10. Rc1 b6 11. Qd2 Rb8 12. Ng5 Nd4 13. f4 $15 Nf5 14. Bf2 Bxg5 15. fxg5 Ne6 16. e4 Nfd4 17. Be3 Nc7 18. Rf2 Be6 19. h4 Bg4 20. Kh2 Qd7 21. Bxd4 cxd4 22. Nd5 Rbc8 23. Qe1 Nxd5 24. Rxc8 Rxc8 25. exd5 Qd6 26. Qe4 Bh5 27. Qf5 Rc7 28. Qe4 Bg6 29. Qf3 h6 30. gxh6 gxh6 31. h5 Bh7 32. Qg4+ Kf8 33. Qh4 f5 34. Bh3 Rf7 35. Rc2 Qf6 36. Qxf6 Rxf6 37. Rc8+ Kg7 38. Rc7+ Kg8 39. Rc8+ Rf8 40. Rc7 Rd8 41. g4 e4 42. gxf5 exd3 43. f6 d2 44. Be6+ Kh8 45. Bg4 Bf5 46. Bd1 Rxd5 47. Kg3 Rc5 48. Rxc5 bxc5 49. Kf4 Bb1 50. Kg3 Bf5 51. Kf4 Bb1 0-1

[Event "58th Akiba Rubinstein C 2022"]
[Site "Polanica-Zdroj"]
[Date "2022.08.15"]
[Round "3.6"]
[White "Chubar, Vladimir"]
[Black "Zowada, Kazimierz"]
[Result "0-1"]
[ECO "A40"]
[WhiteElo "1809"]
[BlackElo "2041"]
[Annotator "NA RC"]
[PlyCount "140"]
[EventDate "2022.08.13"]
[EventCountry "POL"]
[SourceTitle "playchess.com"]
[Source "ChessBase"]
[SourceQuality "1"]
[TimeControl "40/5400+30:1800+30"]

1. d4 g6 2. Nf3 Bg7 3. c3 Nf6 4. Bg5 d6 5. Nbd2 Nbd7 6. e4 h6 7. Bh4 O-O 8. Bc4 e5 9. dxe5 (9. O-O $14 {is superior.}) 9... Nxe5 10. Nxe5 dxe5 11. O-O g5 12. Bg3 Qe7 13. Qe2 Rd8 14. Rfd1 a6 15. a4 $14 (15. Nf1 $5 ) 15... Ne8 16. Nf1 Nd6 17. Bb3 Be6 18. Bxe6 Qxe6 19. f3 Nc4 20. Bf2 Bf8 21. b3 Na5 22. b4 Nc4 23. Ng3 a5 24. b5 Kh7 25. Nf5 c6 26. bxc6 Qxc6 27. h4 gxh4 28. Bxh4 Rxd1+ 29. Qxd1 Bc5+ 30. Kh2 Ne3 31. Qd3 Nxf5 32. exf5 Re8 33. Re1 Qxa4 34. f6+ Kh8 35. Bg3 Re6 36. Re4 Qe8 37. Qd5 Qc6 38. Qd2 Kh7 39. Bxe5 Bd6 40. Qd3 Kh8 41. f4 a4 42. Rc4 Qd7 43. Qg3 Bf8 44. Rc7 Qd1 45. Qh3 Kg8 46. Rc8 h5 47. Qh4 Qg4 48. Qf2 Rxe5 49. Rxf8+ Kxf8 50. fxe5 Qc4 51. Qd2 Qh4+ 52. Kg1 Kg8 53. Qd8+ Kh7 54. Qd3+ Kh6 55. Qd6 Qc4 56. Qd2+ Kg6 57. Qc2+ Kg5 58. e6 Qxe6 59. Qxa4 Qe1+ 60. Kh2 Qh4+ 61. Qxh4+ Kxh4 62. Kg1 Kg5 63. Kf2 Kxf6 64. Ke3 Ke5 65. Kd3 b5 66. g3 Kd5 67. Ke3 Ke5 68. Kd3 Kf5 69. Ke3 Kg4 70. Kf2 f5 0-1

[Event "58th Akiba Rubinstein C 2022"]
[Site "Polanica-Zdroj"]
[Date "2022.08.15"]
[Round "3.7"]
[White "Uscinski, Marek"]
[Black "Fikus, Zygmunt"]
[Result "1/2-1/2"]
[ECO "D03"]
[WhiteElo "1824"]
[BlackElo "1891"]
[Annotator "NA RC"]
[PlyCount "37"]
[EventDate "2022.08.13"]
[EventCountry "POL"]
[SourceTitle "playchess.com"]
[Source "ChessBase"]
[SourceQuality "1"]
[TimeControl "40/5400+30:1800+30"]

1. d4 Nf6 2. Bg5 d5 3. Nf3 c6 4. e3 Ne4 5. Bf4 Nd7 6. Nbd2 Ndf6 7. h3 Qb6 8. Qc1 e6 9. Bd3 Be7 10. O-O O-O 11. c4 c5 12. Qc2 Nxd2 $11 13. Qxd2 cxd4 14. exd4 dxc4 15. Bxc4 Rd8 16. Qe2 Nd5 17. Be5 f6 18. Bg3 Bd6 19. Bxd5 1/2-1/2

[Event "58th Akiba Rubinstein C 2022"]
[Site "Polanica-Zdroj"]
[Date "2022.08.15"]
[Round "3.9"]
[White "Bukowska, Katarzyna"]
[Black "Gromada, Andrzej"]
[Result "0-1"]
[ECO "C05"]
[WhiteElo "1842"]
[BlackElo "1680"]
[Annotator "NA RC"]
[PlyCount "34"]
[EventDate "2022.08.13"]
[EventCountry "POL"]
[SourceTitle "playchess.com"]
[Source "ChessBase"]
[SourceQuality "1"]
[TimeControl "40/5400+30:1800+30"]

1. e4 e6 2. d4 d5 3. Nd2 Nf6 4. e5 Nfd7 5. Bd3 c5 6. c3 Nc6 7. Ngf3 Qb6 8. O-O cxd4 9. cxd4 $11 Nxd4 10. Nxd4 Qxd4 11. Nf3 Qb6 12. Qa4 Qb4 13. Qc2 g6 14. Bd2 Qb6 15. Qa4 Qxb2 16. Rab1 Qa3 17. Qf4 Qxd3 0-1

[Event "58th Akiba Rubinstein C 2022"]
[Site "Polanica-Zdroj"]
[Date "2022.08.15"]
[Round "3.10"]
[White "Wasik, Jozef"]
[Black "Szylko, Waldemar"]
[Result "0-1"]
[ECO "A04"]
[WhiteElo "1631"]
[BlackElo "1911"]
[Annotator "NA RC"]
[PlyCount "65"]
[EventDate "2022.08.13"]
[EventCountry "POL"]
[SourceTitle "playchess.com"]
[Source "ChessBase"]
[SourceQuality "1"]
[TimeControl "40/5400+30:1800+30"]

1. Nf3 c6 2. g3 f5 3. Bg2 Nf6 4. O-O e6 5. d3 d5 6. Nbd2 Be7 7. e4 O-O 8. exd5 exd5 9. b3 f4 10. Bb2 fxg3 11. fxg3 Bg4 12. h3 Bh5 13. g4 Bg6 14. Ne5 Be8 15. g5 Nh5 16. Rxf8+ Bxf8 17. Qg4 Nd7 18. Ndf3 Nxe5 19. Nxe5 ({Much weaker is} 19. Bxe5 g6 $11) 19... Qd6 $16 (19... Bc5+ $14 20. d4 Bd6) 20. Qh4 Qc5+ 21. Bd4 Qd6 22. Bf3 c5 23. Bb2 d4 24. Re1 g6 25. Bxb7 Rb8 26. Bf3 Bg7 27. Qe4 Rd8 28. Bxh5 gxh5 29. Bc1 Qe6 30. Kh2 Bb5 31. Bf4 Be8 32. Bc1 Bb5 33. Bf4 0-1

[Event "58th Akiba Rubinstein C 2022"]
[Site "Polanica-Zdroj"]
[Date "2022.08.15"]
[Round "3.11"]
[White "Mazalon, Mariusz"]
[Black "Muc, Zbigniew"]
[Result "1-0"]
[ECO "A46"]
[WhiteElo "1994"]
[BlackElo "1580"]
[Annotator "NA RC"]
[PlyCount "83"]
[EventDate "2022.08.13"]
[EventCountry "POL"]
[SourceTitle "playchess.com"]
[Source "ChessBase"]
[SourceQuality "1"]
[TimeControl "40/5400+30:1800+30"]

1. d4 Nf6 2. Nf3 d5 3. c4 e6 4. g3 c5 5. cxd5 exd5 6. Bg2 Nc6 7. O-O Bg4 8. dxc5 $11 (8. Bg5 $14) 8... Bxc5 9. a3 a5 10. Nc3 O-O 11. Bg5 d4 12. Ne4 Be7 13. Bxf6 Bxf6 14. Qb3 Rb8 15. Rfd1 Re8 16. Nxf6+ Qxf6 17. Rd2 Be6 18. Qb5 Red8 19. Rad1 Rd5 20. Qa4 Rc5 21. Ra1 b5 22. Qd1 Rd8 23. Rc1 Rxc1 24. Qxc1 Bc4 25. Qc2 a4 26. Qe4 Bd5 27. Qf4 Qxf4 28. gxf4 Be4 29. Ne5 Bxg2 30. Kxg2 Na5 31. e3 f6 32. Nf3 Nb3 33. Rd3 Kf7 34. Nxd4 Nxd4 35. Rxd4 Ke7 36. Rxd8 Kxd8 37. Kf3 Kc7 38. Ke4 Kc6 39. Kd4 Kd6 40. e4 Kc6 41. f5 Kd6 42. f4 1-0

[Event "58th Akiba Rubinstein C 2022"]
[Site "Polanica-Zdroj"]
[Date "2022.08.15"]
[Round "3.12"]
[White "Gregulski, Zbigniew"]
[Black "Wielgus, Jerzy"]
[Result "1/2-1/2"]
[ECO "A52"]
[WhiteElo "1591"]
[BlackElo "1832"]
[Annotator "NA RC"]
[PlyCount "59"]
[EventDate "2022.08.13"]
[EventCountry "POL"]
[SourceTitle "playchess.com"]
[Source "ChessBase"]
[SourceQuality "1"]
[TimeControl "40/5400+30:1800+30"]

1. d4 Nf6 2. c4 e5 3. dxe5 Ng4 4. Nf3 Bc5 5. e3 Qe7 6. Bd2 Nc6 7. Be2 O-O 8. O-O Ngxe5 9. Nc3 d6 10. Nd5 Qd8 11. Bc3 a5 12. b3 Nxf3+ 13. Bxf3 Ne5 14. Be2 c6 15. Nf4 Bf5 16. Nd3 Nxd3 17. Bxd3 Bxd3 18. Qxd3 Qg5 $11 19. a4 Rfd8 20. Rad1 d5 21. Qe2 b6 22. g3 h5 23. h4 Qf5 24. cxd5 cxd5 25. Rd3 Rd6 26. Rfd1 Rad8 27. Kg2 Rg6 28. Qf3 Rgd6 29. Qe2 Rg6 30. Qf3 1/2-1/2